 Dungeon Crawl Stone Soup version 0.29-a0-317-gd16b76e6b1 (webtiles) character file.

Game seed: 10633153623315010631

1567 Bnni the Carver (level 8, 0/97 HPs)
             Began as a Demonspawn Fighter on Mar 30, 2022.
             Was a Priest of Okawaru.
             Slain by a death knight
             ... wielding a +0 vampiric battleaxe
              (17 damage)
             ... on level 7 of the Dungeon.
             The game lasted 00:13:30 (8239 turns).

Bnni the Carver (Demonspawn Fighter)                Turns: 8239, Time: 00:13:31

Health: 0/97       AC: 24    Str: 19    XL:     8   Next: 59%
Magic:  6/8        EV:  2    Int: 10    God:    Okawaru [***...]
Gold:   396        SH:  6    Dex: 12    Spells: 7/7 levels left

rFire   . . .      SeeInvis .   a - +0 long sword
rCold   . . .      Faith    .   c - +0 buckler
rNeg    . . .      Spirit   .   (body armour currently unavailable)
rPois   +          Reflect  .   (helmet currently unavailable)
rElec   .          Harm     .   (cloak currently unavailable)
rCorr   .          Rampage  .   (gloves currently unavailable)
Will    .....      NoTele   +   (boots currently unavailable)
Stlth   +++.......              w - amulet of the acrobat
HPRegen 0.26/turn               (no ring)
MPRegen 0.11/turn               (no ring)

@: tree-form, heroic
A: stationary, stasis, torment immunity, boosted hp, (claws 2), (yellow scales
2), (demonic guardian 3)
a: Renounce Religion, Heroism


You were on level 7 of the Dungeon.
You worshipped Okawaru.
Okawaru was most pleased with you.
You were a tree.
You visited 2 branches of the dungeon, and saw 8 of its levels.
You also visited: Sewer.

You collected 396 gold pieces.

Inventory:

Hand Weapons
 a - a +0 long sword (weapon)
Missiles
 b - 6 poisoned darts (quivered)
 x - a throwing net
Armour
 c - a +0 buckler (worn)
 i - a +5 ring mail of fire resistance (melded)
 n - a +2 pair of boots (melded)
Jewellery
 w - an amulet of the acrobat (around neck)
Wands
 d - a wand of flame (8)
 e - a wand of acid (10)
 h - a wand of mindburst (10)
 r - a wand of polymorph (1)
Scrolls
 f - 4 scrolls of teleportation
 k - a scroll of brand weapon
 l - a scroll of enchant armour
 q - a scroll of enchant weapon
 s - a scroll of immolation {unknown}
 t - a scroll of blinking
 u - a scroll of amnesia {unknown}
 v - 2 scrolls of identify
Potions
 g - a potion of lignification
 m - a potion of haste {unknown}
 o - 3 potions of mutation {unknown}
 p - a potion of magic


   Skills:
 + Level 6.9(11.9) Fighting
 * Level 8.3(13.3) Long Blades
 - Level 2.6(7.6) Armour
 - Level 2.6(7.6) Shields


You had 7 spell levels left.
You didn't know any spells.
Your spell library contained the following spells:

 Spells                   Type           Power      Damage    Failure   Level
 Corpse Rot               Necr/Air       0%         N/A       56%         2
 Poisonous Vapours        Pois/Air       0%         N/A       56%         2


Dungeon Overview and Level Annotations

Branches:
Dungeon (7/15)             Temple (1/1) D:6           Sewer (visited)

Altars:
Ashenzari
Cheibriados
Dithmenos
Elyvilon
Fedhas
Gozag
Hepliaklqana
Kikubaaqudgha
Makhleb
Nemelex Xobeh
Okawaru
Qazlal
Ru
Sif Muna
Trog
Uskayaw
Vehumet
Wu Jian
Xom
Yredelemnul
Zin
The Shining One

Shops:
D:4 :


Innate Abilities, Weirdness & Mutations

You are a tree.
Your roots penetrate the ground, keeping you stationary.
You cannot be teleported.
You are immune to unholy pain and torment.
Your maximum health is greatly increased.
Your equipment is partially melded.
((You have very sharp fingernails.))
((You are mostly covered in yellow scales. (AC +3)))
((A powerful demonic guardian rushes to your aid.))


Message History

The death knight draws strength from your wounds!
You barely miss the death knight.
The death knight hits you but does no damage.
The death knight hits you with a +0 vampiric battleaxe.
You completely miss the death knight.
The death knight hits you with a +0 vampiric battleaxe!
You barely miss the death knight. You hit the death knight.
The death knight is lightly wounded.
The phantasmal warrior gestures at you.
The phantasmal warrior blinks!
The death knight hits you but does no damage.
You barely miss the death knight.
The death knight hits you with a +0 vampiric battleaxe!
The death knight offers itself to Yredelemnul, and fills with unholy energy.
You hit the phantasmal warrior but do no damage.
The death knight hits you but does no damage.
The phantasmal warrior hits you but does no damage.
You barely miss the phantasmal warrior.
The death knight hits you with a +0 vampiric battleaxe!
The phantasmal warrior hits you.
* * * LOW HITPOINT WARNING * * *
You hit the phantasmal warrior but do no damage.
The death knight hits you with a +0 vampiric battleaxe!!
* * * LOW HITPOINT WARNING * * *
You block the phantasmal warrior's attack.
You hear a shout!
You feel much better.
You hear a shout!
The death knight hits you with a +0 vampiric battleaxe.
* * * LOW HITPOINT WARNING * * *
The phantasmal warrior hits you but does no damage.
You gain the combat prowess of a mighty hero.
The death knight hits you but does no damage.
The phantasmal warrior hits you!
* * * LOW HITPOINT WARNING * * *
You hit the phantasmal warrior.
The phantasmal warrior is lightly damaged.
The death knight hits you with a +0 vampiric battleaxe!
You die...

###### ####....
#...... ###
#####.##.###.##
##.####.............#
#.#>..........W#
##.####.##...#p# #.#
#.###.##♣# #.# #.#
####W# #.# #.# ..#
#.# #.# ...# #.####..
..#.. #....### ##...#
####.# ##.## #.# .
#.#


You could see a death knight (reflects damage), a phantasmal warrior and a
wraith.

Vanquished Creatures
  Eustachio (D:4)
  2 water moccasins
  A sky beast (D:7)
  3 ogres
  2 phantoms
  A bullfrog (D:6)
  A scorpion (D:5)
  An orc priest (D:4)
  2 hounds
  2 jellies (D:4)
  2 gnoll shamans
  Terence (D:2)
  Jessica (D:2)
  An iguana (D:4)
  11 gnolls
  11 adders
  A river rat (D:5)
  2 white imps (D:7)
  2 ufetubi
  2 worms
  2 dart slugs
  16 orcs
  6 ball pythons
  2 endoplasms (D:1)
  A giant cockroach (D:4)
  2 goblins (D:1)
  2 hobgoblins (D:1)
  11 jackals
  6 quokkas
  4 bats
  2 frilled lizards (D:1)
  3 kobolds
  5 rats
112 creatures vanquished.

Notes
Turn   | Place    | Note
-------+----------+-------------------------------------------
     0 | D:1      | Bnni the Demonspawn Fighter began the quest for the Orb.
     0 | D:1      | Reached XP level 1. HP: 18/18 MP: 1/1
    67 | D:1      | Reached skill level 2 in Long Blades
   195 | D:1      | Gained mutation: You have sharp fingernails. [demonic
                  | ancestry]
   195 | D:1      | Reached XP level 2. HP: 23/24 MP: 2/2
   643 | D:1      | Found a faded altar of an unknown god.
   650 | D:1      | Prayed at the altar of an unknown god.
   650 | D:1      | Became a worshipper of Warmaster Okawaru
   650 | D:1      | Reached * piety under Okawaru
  1145 | D:2      | Gained mutation: You have very sharp fingernails. [demonic
                  | ancestry]
  1145 | D:2      | Reached XP level 3. HP: 25/29 MP: 3/3
  1202 | D:2      | Found an iron altar of Okawaru.
  1471 | D:2      | Reached skill level 3 in Long Blades
  1592 | D:2      | Noticed Jessica
  1598 | D:2      | Killed Jessica
  1599 | D:2      | Gained mutation: A weak demonic guardian rushes to your
                  | aid. [demonic ancestry]
  1599 | D:2      | Reached XP level 4. HP: 34/37 MP: 4/4
  1807 | D:2      | Noticed Terence
  1822 | D:2      | Killed Terence
  2691 | D:3      | Reached skill level 4 in Long Blades
  2705 | D:3      | Gained mutation: A demonic guardian rushes to your aid.
                  | [demonic ancestry]
  2705 | D:3      | Reached XP level 5. HP: 39/42 MP: 5/5
  3303 | D:4      | Noticed an ogre
  3334 | D:4      | Killed an ogre
  3334 | D:4      | Reached ** piety under Okawaru
  3335 | D:4      | Gained mutation: You are partially covered in yellow
                  | scales. (AC +2) [demonic ancestry]
  3335 | D:4      | Reached XP level 6. HP: 7/49 MP: 3/6
  3638 | D:4      | Reached skill level 5 in Long Blades
  4226 | D:4      | Reached skill level 5 in Fighting
  4307 | D:4      | Identified the -1 pair of gloves "Luapusa" {*Corrode Dex+3
                  | SInv}
  4690 | D:4      | Noticed Eustachio
  4848 | D:4      | Killed Eustachio
  4849 | D:4      | Reached skill level 6 in Long Blades
  4849 | D:4      | Gained mutation: A powerful demonic guardian rushes to your
                  | aid. [demonic ancestry]
  4849 | D:4      | Reached XP level 7. HP: 36/56 MP: 5/7
  5009 | D:4      | Found Ziecud's Book Shoppe.
  5087 | D:5      | Entered Level 5 of the Dungeon
  5240 | D:5      | Found a glowing drain.
  5387 | Sewer    | Entered a sewer
  5516 | Sewer    | Reached *** piety under Okawaru
  5899 | D:5      | Reached skill level 7 in Long Blades
  6206 | D:5      | Gained mutation: You are mostly covered in yellow scales.
                  | (AC +3) [demonic ancestry]
  6206 | D:5      | Reached XP level 8. HP: 33/64 MP: 8/8
  7079 | D:6      | Reached skill level 8 in Long Blades
  7099 | D:6      | Found Ziocwol's Self-Improvement Boutique.
  7207 | D:6      | Found a staircase to the Ecumenical Temple.
  7268 | Temple   | Entered the Ecumenical Temple
  8214 | D:7      | Noticed a phantasmal warrior
  8219 | D:7      | Noticed a death knight
  8236 | D:7      | HP: 4/97 [death knight/+0 vampiric battleaxe (24)]
  8239 | D:7      | Slain by a death knight

Illustrated notes

Levels and vault maps discovered:
D:1:      minmay_arrival_open_corners, layout_loops_ring,
          dilly_ecumenical_altar_fadedgnrine
D:2:      layout_basic, basic_altar, uniq_jessica, uniq_terence
D:3:      layout_basic, bh_walls_and_bars
D:4:      layout_cave_pods, serial_shops, nicolae_shop_behind_doors,
          serial_bayou_lake_a, uniq_eustachio
D:5:      layout_gridville, kennysheep_mini_moat, portal_sewer_entry_a
D:6:      layout_loops_ring, minmay_temple_entry_trees, minivault_5,
          nicolae_shop_self_help
D:7:      layout_loops_ring, serial_shops, shop, nicolae_take_the_stairs, shop,
          hex_medium, uniq_duvessa, uniq_pikel
Temple:   mainiacjoe_temple_hex_bubbles

Skill      XL: |  1  2  3  4  5  6  7  8 |
---------------+-------------------------+-----
Long Blades    | 2 3 4 6 7 8 |  8.3
Fighting       | 4 5 6 |  6.9
Armour         | |  2.6
Shields        | |  2.6

Action                   |  1- 3 |  4- 6 |  7- 9 || total
-------------------------+-------+-------+-------++-------
Melee: Long sword        |    90 |   243 |   223 ||   556
Invok: Heroism           |       |     3 |     6 ||     9
  Use: Scroll            |       |     9 |     2 ||    11
       Potion            |       |     2 |     2 ||     4
Armor: Scale mail        |    37 |       |       ||    37
       Chain mail        |     5 |    21 |       ||    26
       Ring mail         |       |   148 |   107 ||   255
       Skin              |       |       |     6 ||     6
Dodge: Dodged            |    40 |   180 |    98 ||   318
Block: Buckler           |    16 |    68 |    45 ||   129

Table legend: (Time is in decaauts)
 A = Elapsed time spent in this place.
 B = Non-inter-level travel time spent in this place.
 C = Inter-level travel time spent in this place.
 D = Time resting spent in this place.
 E = Time spent auto-exploring this place.
 F = Levels seen in this place.
 G = Mean time per level.
                   A        B        C        D        E       F      G
               +--------+--------+--------+--------+--------+-----+--------+
         Total |   8367 |   8165 |    202 |    998 |   5852 |   9 |  929.7 |
       Dungeon |   7771 |   7577 |    194 |    821 |   5492 |   7 | 1110.1 |
        Temple |    231 |    223 |      8 |      0 |    219 |   1 |  231.0 |
         Sewer |    364 |    364 |      0 |    177 |    141 |   1 |  364.0 |
               +--------+--------+--------+--------+--------+-----+--------+

Top non-repeatable levels by time:
     D:4: 1763 daAuts
     D:5: 1444 daAuts
     D:2: 1402 daAuts
     D:1: 1027 daAuts
     D:3: 999 daAuts
     D:6: 707 daAuts
     D:7: 425 daAuts
   Sewer: 364 daAuts
  Temple: 231 daAuts
